 Dungeon Crawl Stone Soup version 0.30-a0-305-g026cb31310 (console) character file.

Game seed: 3761831998856848285

1400 jejorda2 the Spear-Bearer (level 8, -4/61 (64) HPs)
             Began as a Merfolk Berserker on Oct 22, 2022.
             Was a Priest of Trog.
             Slain by a wight
             ... wielding a +2 morningstar
              (11 damage)
             ... on level 6 of the Dungeon.
             The game lasted 00:14:02 (5601 turns).

jejorda2 the Spear-Bearer (Merfolk Berserker)       Turns: 5601, Time: 00:14:03

HP:   -4/61 (64)    AC: 10    Str: 19    XL:     8   Next: 69%
MP:   8/8           EV:  8    Int:  6    God:    Trog [***...]
Gold: 405           SH:  0    Dex: 20    Spells: 7/7 levels left

rFire   + . .      SeeInvis +    a - +1 halberd
rCold   + . .      Faith    .    (shield currently unavailable)
rNeg    . . .      Spirit   .    C - +1 chain mail
rPois   .          Reflect  .    (no helmet)
rElec   .          Harm     .    m - scarf {rC+ rF+}
rCorr   .          Rampage  .    (no gloves)
Will    ++...                    (no boots)
Stlth   ..........               (no amulet)
HPRegen 0.30/turn                k - ring of see invisible
MPRegen 0.11/turn                g - ring of Mann {Will++ Dex+6}

@: lightly drained
A: (nimble swimmer 2), mertail
a: Renounce Religion, Berserk, Trog's Hand


You were on level 6 of the Dungeon.
You worshipped Trog.
Trog was most pleased with you.
You visited 1 branch of the dungeon, and saw 6 of its levels.

You collected 405 gold pieces.

Inventory:

Hand Weapons
 a - a +1 halberd (weapon)
 b - a +0 spear
Missiles
 c - 2 poisoned darts
 f - 2 curare-tipped darts
 j - 41 stones (quivered)
 B - 10 boomerangs
Armour
 m - a scarf of resistance (worn)
 C - a +1 chain mail (worn)
Jewellery
 g - the ring of Mann (right hand) {Will++ Dex+6}
   (You acquired it on level 6 of the Dungeon)

   [ring of dexterity]

   Dex:       It affects your dexterity (+6).
   Will:      It greatly increases your willpower.
 k - a ring of see invisible (left hand)
 s - a ring of flight
Wands
 w - a wand of paralysis (11)
 I - a wand of quicksilver (9)
Scrolls
 e - a scroll of fear
 h - a scroll of enchant weapon
 l - a scroll of enchant armour
 H - 5 scrolls of teleportation
Potions
 d - 2 potions of flight
 i - a potion of degeneration {unknown}
 n - 2 potions of attraction
 p - 3 potions of curing
 t - 2 potions of resistance
 z - 2 potions of lignification
 A - a potion of might
 E - a potion of mutation
 F - a potion of heal wounds {unknown}
 G - a potion of ambrosia {unknown}


   Skills:
 - Level 6.0 Fighting
 * Level 10.7 Polearms
 + Level 4.2 Armour
 - Level 2.6 Dodging


You had 7 spell levels left.
You didn't know any spells.
Your spell library was empty.

Dungeon Overview and Level Annotations

Branches:
Dungeon (6/15)
 Temple: D:4-7

Altars:
Cheibriados
Vehumet

Shops:
D:6 (

Portals:
Abyss: D:3

Annotations:
D:3 2 transporters, koil's ghost, amateur SpEn


Innate Abilities, Weirdness & Mutations

((You are very nimble when in or above water. (Stealth+, EV+, Speed+++)))
Your lower body shifts to a powerful aquatic tail in water.


Message History

The wight hits you with a +2 morningstar.
You feel drained.
You barely miss the wight.
The wight is severely damaged.
The wight hits you but does no damage.
You hit the wight.
The wight is severely damaged.
You barely miss the wight.
The wight is severely damaged.
The wight hits you with a +2 morningstar.
You feel drained.
You closely miss the wight.
The wight is severely damaged.
The wight hits you but does no damage.
You barely miss the wight.
The wight is severely damaged.
The wight hits you with a +2 morningstar!
You completely miss the wight.
The wight is severely damaged.
The wight hits you with a +2 morningstar.
You feel drained.
You closely miss the wight.
The wight is severely damaged.
The wight completely misses you.
You hit the wight but do no damage.
The wight is severely damaged.
The wight hits you with a +2 morningstar!
You are too injured to fight recklessly!
You are too injured to fight recklessly!
You are too injured to fight recklessly!
You are too injured to fight recklessly!
You are too injured to fight recklessly!
You closely miss the wight.
The wight is severely damaged.
The wight hits you with a +2 morningstar!
* * * LOW HITPOINT WARNING * * *
You hit the wight.
The wight is severely damaged.
The wight hits you with a +2 morningstar!
You die...

#....# *,****,,*
#....###*,..#**.#######
#.#)...#***..,,.......#
.......## *#..,.......#
#.##†...####..,#......#
...........#...#......#
...##......#...#......#
#...#.##.......z......#
#.....##......##@.....#
#...#..#.###..##......#
.#..#..#.# ##.........#
.#.......###..##......#
..........##.###......#
.......##.............#
...........#.###......#
.............# #......#
.#......<....# ########


You could see a wight.

Vanquished Creatures
  Eustachio (D:4)
  2 ogres (D:5)
  Blork the orc (D:6)
  2 necrophages
  A bullfrog (D:5)
  2 wights (D:6)
  Crazy Yiuf (D:2)
  An iron imp (D:3)
  2 jellies (D:6)
  A gnoll bouda (D:4)
  4 hounds
  3 orc priests
  Jessica (D:2)
  Terence (D:2)
  2 iguanas
  An orc wizard (D:6)
  6 gnolls
  6 adders
  A shadow imp (D:5)
  A white imp (D:4)
  2 ufetubi
  3 worms
  3 dart slugs
  17 orcs
  11 ball pythons
  6 endoplasms
  2 giant cockroaches
  4 goblins
  7 hobgoblins
  4 jackals
  10 kobolds
  3 quokkas
  7 bats
  8 frilled lizards
  3 rats (D:1)
130 creatures vanquished.

Vanquished Creatures (others)
  2 demonic plants (D:2)
  2 fungi (D:2)
4 creatures vanquished.

Grand Total: 134 creatures vanquished

Notes
Turn   | Place    | Note
-------+----------+-------------------------------------------
     0 | D:1      | jejorda2 the Merfolk Berserker began the quest for the Orb.
     0 | D:1      | Reached XP level 1. HP: 18/18 MP: 1/1
   202 | D:1      | Reached XP level 2. HP: 23/24 MP: 2/2
   832 | D:1      | Reached XP level 3. HP: 29/29 MP: 3/3
  1261 | D:2      | Noticed Jessica
  1289 | D:2      | Killed Jessica
  1289 | D:2      | Reached ** piety under Trog
  1290 | D:2      | Reached skill level 5 in Polearms
  1290 | D:2      | Reached XP level 4. HP: 28/37 MP: 4/4
  1435 | D:2      | Noticed Terence
  1448 | D:2      | Killed Terence
  1792 | D:2      | Reached skill level 6 in Polearms
  1792 | D:2      | Reached XP level 5. HP: 42/42 MP: 5/5
  2032 | D:2      | Found a faded altar of an unknown god.
  2032 | D:2      | Noticed a Brimstone Fiend
  2165 | D:2      | Found a runed translucent door.
  2166 | D:2      | Noticed Crazy Yiuf
  2176 | D:2      | Killed Crazy Yiuf
  2446 | D:3      | Found a transporter.
  2499 | D:3      | Found a snail-covered altar of Cheibriados.
  2514 | D:3      | Reached XP level 6. HP: 40/49 MP: 6/6
  2848 | D:3      | Found a one-way gate to the infinite horrors of the Abyss.
  2848 | D:3      | Noticed koil's ghost (amateur SpEn)
  2853 | D:3      | Noticed a small abomination
  2968 | D:3      | Found a transporter.
  3001 | D:3      | Found a radiant altar of Vehumet.
  3228 | D:4      | Reached skill level 7 in Polearms
  3391 | D:4      | Reached *** piety under Trog
  3619 | D:4      | Noticed Eustachio
  3641 | D:4      | Killed Eustachio
  3642 | D:4      | Reached skill level 5 in Fighting
  3642 | D:4      | Reached XP level 7. HP: 56/56 MP: 7/7
  3918 | D:4      | Reached skill level 8 in Polearms
  4224 | D:5      | Entered Level 5 of the Dungeon
  4552 | D:5      | Reached skill level 9 in Polearms
  4665 | D:5      | Reached XP level 8. HP: 45/64 MP: 8/8
  5178 | D:6      | Found Korraac's Antique Weapon Boutique.
  5231 | D:6      | Reached skill level 10 in Polearms
  5245 | D:6      | Identified a scroll of acquirement
  5245 | D:6      | Acquired the ring of Mann {Will++ Dex+6}
  5471 | D:6      | Noticed Blork the orc
  5481 | D:6      | Killed Blork the orc
  5601 | D:6      | Slain by a wight

Illustrated notes

Levels and vault maps discovered:
D:1:      nicolae_arrival_washed_ashore, layout_basic, serial_bayou_pond_d,
          minmay_ruptured
D:2:      layout_basic, dreamdust_ecumenical_altar_sealed_demon,
          kennysheep_donut, kennysheep_generic_room_5, uniq_crazy_yiuf_cottage,
          uniq_terence, uniq_jessica
D:3:      minmay_diamond_boxcup, layout_loops_cross, chei_slow_surprise,
          general_overflow_altar, gammafunk_ghost_abyssal_escape
D:4:      layout_loops_cross, minmay_unequal, uniq_eustachio
D:5:      layout_gridville
D:6:      layout_rooms, serial_shops, shop, uniq_blork_the_orc

Skill      XL: |  1  2  3  4  5  6  7  8 |
---------------+-------------------------+-----
Polearms       | 5 6 7 9 10 | 10.7
Armour         | 2 3 4 |  4.2
Fighting       | 4 5 6 |  6.0
Dodging        | |  2.6

Action                   |  1- 3 |  4- 6 |  7- 9 || total
-------------------------+-------+-------+-------++-------
Melee: Spear             |    98 |   285 |   119 ||   502
       Punch             |       |     3 |     3 ||     6
       Halberd           |       |       |    73 ||    73
Throw: Stone             |       |     1 |     6 ||     7
       Dart              |       |       |     1 ||     1
Invok: Berserk           |       |     4 |     5 ||     9
       Trog's Hand       |       |     1 |     1 ||     2
  Use: Scroll            |       |       |    20 ||    20
 Stab: Sleeping          |     3 |       |       ||     3
Armor: Animal skin       |     2 |       |       ||     2
       Scale mail        |    13 |    41 |       ||    54
       Chain mail        |       |    11 |    42 ||    53
Dodge: Dodged            |    39 |    94 |    45 ||   178

Table legend: (Time is in decaauts)
 A = Elapsed time spent in this place.
 B = Non-inter-level travel time spent in this place.
 C = Inter-level travel time spent in this place.
 D = Time resting spent in this place.
 E = Time spent auto-exploring this place.
 F = Levels seen in this place.
 G = Mean time per level.
                   A        B        C        D        E       F      G
               +--------+--------+--------+--------+--------+-----+--------+
         Total |   5566 |   5430 |    136 |    387 |   4041 |   6 |  927.7 |
       Dungeon |   5566 |   5430 |    136 |    387 |   4041 |   6 |  927.7 |
               +--------+--------+--------+--------+--------+-----+--------+

Top non-repeatable levels by time:
     D:1: 1158 daAuts
     D:5: 1105 daAuts
     D:2: 1101 daAuts
     D:3: 980 daAuts
     D:4: 945 daAuts
     D:6: 274 daAuts
